ITL
TRENTON STARS @ TOPEKA TORNADOS
08/17/2025
 
TOP OF THE 1ST
Trenton Stars batting - Pitching for Topeka Tornados : RHP Pedro Martínez
Pitching: RHP Pedro Martínez
Batting: LHB Felipe Guerrero 0-0: Foul Ball, location: 2F
0-1: SINGLE (Flyball, 8RS)
Batting: RHB Felipe Olivas 0-0: Ball
1-0: Swinging Strike
1-1: Ball
2-1: Called Strike
2-2: Strikes out swinging
Batting: RHB Salvador Gonzáles 0-0: 2-RUN HOME RUN (Flyball, 7D), Distance : 385 ft
Batting: LHB Jeff Gordon 0-0: Ball
1-0: Ground out 4-3 (Groundball, 4)
Batting: RHB Clancy Booker 0-0: Ball
1-0: SOLO HOME RUN (Flyball, 7D), Distance : 381 ft
Batting: LHB Ju-wei Shiu 0-0: Foul Ball, location: 2F
0-1: Ground out 6-3 (Groundball, 6M)
Top of the 1st over - 3 run(s), 3 hit(s), 0 error(s), 0 left on base; Trenton 3 - Topeka 0
BOTTOM OF THE 1ST
Topeka Tornados batting - Pitching for Trenton Stars : RHP Juan Aguilar
Pitching: RHP Juan Aguilar
Batting: SHB Shane Hutchinson 0-0: DOUBLE (Line Drive, 9D)
Batting: LHB Robbie Burns 0-0: Called Strike
0-1: Ball
1-1: Ball
2-1: Ground out 4-3 (Groundball, 4)
Shane Hutchinson to third
Batting: LHB Mike Callahan 0-0: Fly out, F7 (Flyball, 7S)
Batting: RHB Hamilton Holbrook 0-0: Ball
1-0: Ball
2-0: Called Strike
2-1: Ball
3-1: Foul Ball, location: 2F
3-2: Ground out 5-3 (Groundball, 5S)
Bottom of the 1st over - 0 run(s), 1 hit(s), 0 error(s), 1 left on base; Trenton 3 - Topeka 0
TOP OF THE 2ND
Trenton Stars batting - Pitching for Topeka Tornados : RHP Pedro Martínez
Batting: RHB Chris Cole 0-0: Fly out, F8 (Flyball, 8RM)
Batting: RHB Jesús Dávila 0-0: Called Strike
0-1: Ball
1-1: Ball
2-1: SINGLE (Flyball, 9LS)
Batting: SHB Rafael Villa 0-0: SINGLE (Line Drive, 9S)
Jesús Dávila to second
Jesús Dávila to third
Batting: LHB Felipe Guerrero 0-0: Ball
1-0: Called Strike
1-1: Ball
2-1: Foul Ball, location: 2F
2-2: Strikes out swinging
Batting: RHB Felipe Olivas 0-0: Ball
1-0: Fly out, F8 (Flyball, 8RS)
Top of the 2nd over - 0 run(s), 2 hit(s), 0 error(s), 2 left on base; Trenton 3 - Topeka 0
BOTTOM OF THE 2ND
Topeka Tornados batting - Pitching for Trenton Stars : RHP Juan Aguilar
Batting: LHB Morgan Wright 0-0: Ball
1-0: Foul Ball, location: 2F
1-1: Ball
2-1: Ball
3-1: Swinging Strike
3-2: Base on Balls
Pitching: LHP Michael Puckett
Batting: RHB George Clark 0-0: Called Strike
0-1: Foul Ball, location: 2F
0-2: Fly out, F7 (Flyball, 7M)
Batting: LHB Yoshiaki Ohayashi 0-0: Ball
1-0: Ball
2-0: Called Strike
2-1: Ball
3-1: Swinging Strike
3-2: Base on Balls
Morgan Wright to second
Batting: LHB Eric Peterson 0-0: Fielders Choice at 2nd, 3-6 (Groundball, 34)
Morgan Wright to third
Batting: RHB Danny Reed 0-0: Called Strike
0-1: Foul Ball, location: 2F
0-2: Ball
1-2: Ball
2-2: Ball
3-2: Base on Balls
Eric Peterson to second
Batting: SHB Shane Hutchinson 0-0: Ball
1-0: Ball
2-0: Foul Ball, location: 2F
2-1: SINGLE (Groundball, 4MD)
Morgan Wright scores
Eric Peterson to third
Danny Reed to second
Runner from 3rd tries for Home, SAFE, throw made at trailing runner, OUT at third!
Bottom of the 2nd over - 2 run(s), 1 hit(s), 0 error(s), 1 left on base; Trenton 3 - Topeka 2
TOP OF THE 3RD
Trenton Stars batting - Pitching for Topeka Tornados : RHP Pedro Martínez
Batting: RHB Salvador Gonzáles 0-0: Ball
1-0: Fly out, F4 (Line Drive, 4M)
Batting: LHB Jeff Gordon 0-0: Called Strike
0-1: Ball
1-1: Ball
2-1: Ball
3-1: Called Strike
3-2: Foul Ball, location: 2F
3-2: SOLO HOME RUN (Flyball, 9D), Distance : 364 ft
Batting: RHB Clancy Booker 0-0: Ball
1-0: Ball
2-0: Fly out, F2 (Popup, 2RF)
Batting: LHB Ju-wei Shiu 0-0: Ball
1-0: Called Strike
1-1: Swinging Strike
1-2: Strikes out swinging
Top of the 3rd over - 1 run(s), 1 hit(s), 0 error(s), 0 left on base; Trenton 4 - Topeka 2
BOTTOM OF THE 3RD
Topeka Tornados batting - Pitching for Trenton Stars : LHP Michael Puckett
Batting: LHB Robbie Burns 0-0: Ball
1-0: Ball
2-0: Ball
3-0: Called Strike
3-1: Called Strike
3-2: Base on Balls
Batting: LHB Mike Callahan 0-0: Ball
1-0: Ball
2-0: Ball
3-0: Called Strike
3-1: Foul Ball, location: 2F
3-2: Foul Ball, location: 2F
3-2: Foul Ball, location: 2F
3-2: Base on Balls
Robbie Burns to second
Batting: RHB Hamilton Holbrook 0-0: Called Strike
0-1: Fly out, F6 (Popup, 6D)
Batting: LHB Morgan Wright 0-0: Ball
Wild Pitch!
Robbie Burns to third
Mike Callahan to second
1-0: Called Strike
1-1: Ball
2-1: Ball
3-1: Foul Ball, location: 2F
3-2: Foul Ball, location: 2F
3-2: Base on Balls
Batting: RHB George Clark 0-0: Fly out, F7 (Line Drive, 78S)
Batting: LHB Yoshiaki Ohayashi 0-0: Called Strike
0-1: Ball
1-1: Ball
2-1: Fielders Choice at 2nd, U6 (Groundball, 6M)
Bottom of the 3rd over - 0 run(s), 0 hit(s), 0 error(s), 3 left on base; Trenton 4 - Topeka 2
TOP OF THE 4TH
Trenton Stars batting - Pitching for Topeka Tornados : RHP Pedro Martínez
Batting: RHB Chris Cole 0-0: Ball
1-0: Ball
2-0: Foul Ball, location: 2F
2-1: Foul Ball, location: 2F
2-2: Fly out, F7 (Line Drive, 7LM)
Batting: RHB Jesús Dávila 0-0: Ball
1-0: Called Strike
1-1: Swinging Strike
1-2: SINGLE (Groundball, 4MD)
Batting: SHB Rafael Villa 0-0: Ball
1-0: Foul Ball, location: 2F
1-1: Ball
2-1: Fielders Choice at 2nd, 1-4 (Groundball, 15S)
Batting: LHB Felipe Guerrero 0-0: Ball
1-0: Swinging Strike
1-1: Ball
2-1: Ground out 5-3 (Groundball, 5L)
Top of the 4th over - 0 run(s), 1 hit(s), 0 error(s), 1 left on base; Trenton 4 - Topeka 2
BOTTOM OF THE 4TH
Topeka Tornados batting - Pitching for Trenton Stars : LHP Michael Puckett
Batting: LHB Eric Peterson 0-0: Ball
1-0: SINGLE (Groundball, 34D)
Batting: RHB Danny Reed 0-0: Ball
1-0: Foul Ball, location: 2F
1-1: Called Strike
1-2: Foul Ball, location: 2F
1-2: Fly out, F8 (Popup, 8RS)
Batting: SHB Shane Hutchinson 0-0: SINGLE (Groundball, 6MD)
Eric Peterson to second
Batting: LHB Robbie Burns 0-0: Ball
1-0: Ball
2-0: Ball
3-0: Called Strike
3-1: Fly out, F7 (Flyball, 7M)
Batting: LHB Mike Callahan 0-0: Ball
1-0: Called Strike
1-1: Foul Ball, location: 2F
1-2: Ground out 4-3 (Groundball, 4)
Bottom of the 4th over - 0 run(s), 2 hit(s), 0 error(s), 2 left on base; Trenton 4 - Topeka 2
TOP OF THE 5TH
Trenton Stars batting - Pitching for Topeka Tornados : RHP Pedro Martínez
Batting: RHB Felipe Olivas 0-0: Ball
1-0: Ball
2-0: Swinging Strike
2-1: Called Strike
2-2: Fly out, F8 (Flyball, 8LXD)
Batting: RHB Salvador Gonzáles 0-0: Called Strike
0-1: Ball
1-1: Ground out 4-3 (Groundball, 4)
Batting: LHB Jeff Gordon 0-0: Ball
1-0: Ball
2-0: SINGLE (Groundball, 6MD)
Batting: RHB Clancy Booker 0-0: Called Strike
0-1: Fly out, F9 (Flyball, 89D)
Top of the 5th over - 0 run(s), 1 hit(s), 0 error(s), 1 left on base; Trenton 4 - Topeka 2
BOTTOM OF THE 5TH
Topeka Tornados batting - Pitching for Trenton Stars : LHP Michael Puckett
Batting: RHB Hamilton Holbrook 0-0: Ball
1-0: Foul Ball, location: 2F
1-1: Foul Ball, location: 2F
1-2: Fly out, F9 (Line Drive, 9M)
Batting: LHB Morgan Wright 0-0: Ball
1-0: Foul Ball, location: 2F
1-1: Ball
2-1: Swinging Strike
2-2: Foul Ball, location: 2F
2-2: SINGLE (Line Drive, 56)
Batting: RHB George Clark 0-0: Called Strike
0-1: Ball
1-1: Ball
2-1: SINGLE (Line Drive, 7S)
Morgan Wright to second
Batting: LHB Yoshiaki Ohayashi 0-0: Swinging Strike
0-1: SINGLE (Line Drive, 34D)
Morgan Wright to third
George Clark to second
Batting: LHB Eric Peterson 0-0: Called Strike
0-1: SINGLE (Flyball, 9S)
Morgan Wright scores
George Clark to third
Yoshiaki Ohayashi to second
Batting: RHB Danny Reed 0-0: Swinging Strike
0-1: Called Strike
0-2: Ball
1-2: Strikes out swinging
Batting: SHB Shane Hutchinson 0-0: Ball
1-0: Called Strike
1-1: Ball
2-1: Ball
3-1: Base on Balls
George Clark scores
Yoshiaki Ohayashi to third
Eric Peterson to second
Batting: LHB Robbie Burns 0-0: Fly out, F8 (Flyball, 8RM)
Bottom of the 5th over - 2 run(s), 4 hit(s), 0 error(s), 3 left on base; Trenton 4 - Topeka 4
TOP OF THE 6TH
Trenton Stars batting - Pitching for Topeka Tornados : RHP Pedro Martínez
Batting: LHB Ju-wei Shiu 0-0: Ball
1-0: Ball
2-0: Ball
3-0: Called Strike
3-1: Foul Ball, location: 2F
3-2: Base on Balls
Batting: RHB Chris Cole 0-0: Called Strike
0-1: Grounds into double play, 2-4-3 (Groundball, 2R)
Batting: RHB Jesús Dávila 0-0: Ball
1-0: Ground out 4-3 (Groundball, 4)
Top of the 6th over - 0 run(s), 0 hit(s), 0 error(s), 0 left on base; Trenton 4 - Topeka 4
BOTTOM OF THE 6TH
Topeka Tornados batting - Pitching for Trenton Stars : LHP Michael Puckett
Pitching: RHP Alfredo Ruíz
Batting: LHB Mike Callahan 0-0: Ball
1-0: Ball
2-0: Called Strike
2-1: Ball
3-1: Called Strike
3-2: Foul Ball, location: 2F
3-2: SINGLE (Flyball, 9LS)
Batting: RHB Hamilton Holbrook 0-0: Called Strike
0-1: Swinging Strike
0-2: Ball
1-2: Foul Ball, location: 2F
1-2: Ball
2-2: Ground out 5-3 (Groundball, 5S)
Mike Callahan to second
Batting: LHB Morgan Wright 0-0: Intentional Walk
Batting: RHB George Clark 0-0: Ball
1-0: Called Strike
1-1: Ball
2-1: Swinging Strike
2-2: Foul Ball, location: 2F
2-2: Grounds into double play, 6-4-3 (Groundball, 6)
Bottom of the 6th over - 0 run(s), 1 hit(s), 0 error(s), 1 left on base; Trenton 4 - Topeka 4
TOP OF THE 7TH
Trenton Stars batting - Pitching for Topeka Tornados : RHP Pedro Martínez
Batting: SHB Rafael Villa 0-0: Ball
1-0: DOUBLE (Line Drive, 9LM)
Batting: LHB Felipe Guerrero 0-0: Intentional Walk
Batting: RHB Felipe Olivas 0-0: Sac Bunt - play at first, batter OUT! 1-3
Rafael Villa to third
Felipe Guerrero to second
Batting: RHB Salvador Gonzáles 0-0: Foul Ball, location: 2F
0-1: SINGLE (Groundball, 4MD)
Rafael Villa scores
Felipe Guerrero to third
Runner from 3rd tries for Home, SAFE, throw made home
Batting: LHB Jeff Gordon 0-0: Ball
1-0: Ball
2-0: Called Strike
2-1: Fly out, F4 (Popup, 4MD)
Batting: RHB Clancy Booker 0-0: Ball
1-0: Ball
2-0: Foul Ball, location: 2F
2-1: Ball
3-1: Reached on error, E4 (Groundball, 34)
Salvador Gonzáles to third
Pitching: LHP Felipe Rivera
Pinch Hitting: RHB Rafael Canales 0-0: Called Strike
0-1: Foul Ball, location: 2F
0-2: Ball
1-2: Ball
2-2: Foul Ball, location: 2F
2-2: Strikes out swinging
Top of the 7th over - 2 run(s), 2 hit(s), 1 error(s), 2 left on base; Trenton 6 - Topeka 4
BOTTOM OF THE 7TH
Topeka Tornados batting - Pitching for Trenton Stars : RHP Alfredo Ruíz
Now at 2B: Alberto Gómez
Batting: LHB Yoshiaki Ohayashi 0-0: Foul Ball, location: 2F
0-1: Ball
1-1: Called Strike
1-2: Ball
2-2: SINGLE (Groundball, 34D)
Batting: LHB Eric Peterson 0-0: Ball
1-0: Called Strike
1-1: Called Strike
1-2: DOUBLE (Line Drive, 3D)
Yoshiaki Ohayashi to third
Batting: RHB Danny Reed 0-0: Called Strike
0-1: Ball
1-1: Ball
2-1: SINGLE (Line Drive, 34D)
Yoshiaki Ohayashi scores
Eric Peterson to third
Throwing error, E9
Eric Peterson scores
Danny Reed to second
Batting: SHB Shane Hutchinson 0-0: Intentional Walk
Pinch Hitting: RHB Cho-yun Qiao 0-0: Called Strike
0-1: Sac Bunt - play at first, batter OUT! 5-4
Danny Reed to third
Shane Hutchinson to second
Batting: LHB Mike Callahan 0-0: Intentional Walk
Batting: RHB Hamilton Holbrook 0-0: Called Strike
0-1: Ball
Wild Pitch!
Danny Reed scores
Shane Hutchinson to third
Mike Callahan to second
1-1: Ball
2-1: Ball
3-1: Swinging Strike
3-2: SINGLE (Flyball, 89S)
Shane Hutchinson scores
Mike Callahan to third
Runner from 3rd tries for Home, throw and OUT!
Hamilton Holbrook to second
Pitching: RHP Dorian Hoskins
Batting: LHB Morgan Wright 0-0: Ball
1-0: Ball
2-0: Foul Ball, location: 2F
2-1: Ball
3-1: Base on Balls
Pinch Hitting: LHB Ramón Pérez 0-0: Ground out 6-3 (Groundball, 6)
Bottom of the 7th over - 4 run(s), 4 hit(s), 1 error(s), 2 left on base; Trenton 6 - Topeka 8
TOP OF THE 8TH
Trenton Stars batting - Pitching for Topeka Tornados : LHP Felipe Rivera
Now at 2B: Ramón Pérez
Now in LF: Cho-yun Qiao
Batting: RHB Chris Cole 0-0: Ball
1-0: Fly out, F3 (Popup, 34)
Batting: RHB Jesús Dávila 0-0: Foul Ball, location: 2F
0-1: Foul Ball, location: 2F
0-2: Ground out 6-3 (Groundball, 6)
Batting: SHB Rafael Villa 0-0: Fly out, F7 (Flyball, 78M)
Top of the 8th over - 0 run(s), 0 hit(s), 0 error(s), 0 left on base; Trenton 6 - Topeka 8
BOTTOM OF THE 8TH
Topeka Tornados batting - Pitching for Trenton Stars : RHP Dorian Hoskins
Batting: LHB Yoshiaki Ohayashi 0-0: Ball
1-0: Ball
2-0: Called Strike
2-1: Ball
3-1: Foul Ball, location: 2F
3-2: Base on Balls
Batting: LHB Eric Peterson 0-0: Ball
1-0: Reached on error, E4 (Groundball, 34S)
Yoshiaki Ohayashi to second
Batting: RHB Danny Reed 0-0: Grounds into double play, 6-4-3 (Groundball, 6)
Yoshiaki Ohayashi to third
Batting: SHB Shane Hutchinson 0-0: Foul Ball, location: 2F
0-1: Ball
1-1: Ground out U3 (Groundball, 3S)
Bottom of the 8th over - 0 run(s), 0 hit(s), 1 error(s), 1 left on base; Trenton 6 - Topeka 8
TOP OF THE 9TH
Trenton Stars batting - Pitching for Topeka Tornados : LHP Felipe Rivera
Pitching: RHP Víctor López
Batting: LHB Felipe Guerrero 0-0: Foul Ball, location: 2F
0-1: Foul Ball, location: 2F
0-2: Ball
1-2: Ball
2-2: Foul Ball, location: 2F
2-2: SINGLE (Groundball, 34D)
Batting: RHB Felipe Olivas 0-0: Called Strike
0-1: Fly out, F4 (Line Drive, 4)
Batting: RHB Salvador Gonzáles 0-0: Foul Ball, location: 2F
0-1: Swinging Strike
0-2: Foul Ball, location: 2F
0-2: Strikes out looking
Batting: LHB Jeff Gordon 0-0: Foul Ball, location: 2F
0-1: Swinging Strike
0-2: Foul Ball, location: 2F
0-2: Ball
1-2: Ball
2-2: Foul Ball, location: 2F
2-2: Fly out, F7 (Flyball, 7LD)
Top of the 9th over - 0 run(s), 1 hit(s), 0 error(s), 1 left on base; Trenton 6 - Topeka 8
This league is powered by Out of the Park Baseball, the baseball management simulation game for PC, Mac and Linux
Tuesday, August 2nd, 2016 - OOTP Baseball 16.8 Build 38